 Dungeon Crawl Stone Soup version 0.21.1-1-g345015f (webtiles) character file.

3492 Verr the Grappler (level 9, 0/136 HPs)
             Began as a Troll Monk on Feb 28, 2018.
             Was a Follower of Ru.
             Slain by a killer bee (7 damage)
             ... on level 8 of the Dungeon.
             The game lasted 00:48:19 (6026 turns).

Verr the Grappler (Troll Monk)                      Turns: 6026, Time: 00:48:20

Health: 0/136      AC:  5    Str: 26    XL:     9   Next: 80%
Magic:  8/8        EV: 13    Int:  6    God:    Ru [*.....]
Gold:   429        SH:  0    Dex: 15    Spells: 8/8 levels left

rFire    . . .     SeeInvis .     - Unarmed
rCold    . . .     Gourm    +   (no shield)
rNeg     + . .     Faith    .   M - +0 robe
rPois    .         Spirit   .   (helmet restricted)
rElec    .         Reflect  .   (no cloak)
rCorr    .         Harm     .   (gloves unavailable)
MR       .....                  (boots unavailable)
Stlth    ..........             (no amulet)
HPRegen  0.72/turn              H - ring of positive energy
MPRegen  0.11/turn              N - +1 ring of slaying

@: berserking, lethally poisoned (0 -> -8), very quick
A: large, unfitting armour, claws 3, fast metabolism 3, gourmand, regeneration
1, shaggy fur 1, tough skin 2, inability to train armour
a: Renounce Religion


You were on level 8 of the Dungeon.
You worshipped Ru.
Ru was aware of your devotion.
You were not hungry.

You visited 1 branch of the dungeon, and saw 8 of its levels.
You also visited: Ossuary.

You collected 429 gold pieces.

Inventory:

Hand Weapons
 h - a +2 dagger of venom
 t - a +0 giant spiked club
 J - a +0 giant club
 L - a +0 glaive
Missiles
 q - 3 tomahawks
 r - 5 tomahawks of dispersal (quivered)
Armour
 a - a +0 robe
 j - a +0 buckler
 k - a +0 leather armour
 s - a +2 leather armour of magic resistance
 M - a +0 robe (worn)
Jewellery
 H - a ring of positive energy (left claw)
 K - an uncursed ring of protection from cold
 N - a +1 ring of slaying (right claw)
Wands
 f - a wand of acid (3)
 I - a wand of paralysis (28)
Scrolls
 e - 2 scrolls of fog
 g - a scroll of fear
 i - a scroll of noise
 l - 2 scrolls of remove curse
 n - 5 scrolls of teleportation
 o - 2 scrolls of enchant armour {unknown}
 v - 2 scrolls of blinking {unknown}
 x - a scroll of random uselessness {unknown}
 y - a scroll of torment {unknown}
 A - 3 scrolls of identify
 G - a scroll of enchant weapon {unknown}
Potions
 c - a potion of curing
 d - a potion of degeneration {unknown}
 m - 6 potions of might
 w - 2 potions of agility
 z - 2 potions of lignification {unknown}
 B - 2 potions of resistance {unknown}
 C - a potion of brilliance {unknown}
 D - a potion of magic {unknown}
 E - 2 potions of flight {unknown}
 F - 2 potions of invisibility {unknown}
Books
 u - a book of Cantrips

   Spells                             Type                      Level
   a - Confusing Touch                Hexes                        1
   b - Animate Skeleton               Necromancy                   1
   c - Summon Small Mammal            Summoning                    1
   d - Apportation                    Translocation                1
 O - a book of Clouds

   Spells                             Type                      Level
   a - Poisonous Vapours              Poison/Air                   2
   b - Mephitic Cloud                 Conjuration/Poison/Air       3
   c - Conjure Flame                  Conjuration/Fire             3
   d - Freezing Cloud                 Conjuration/Ice/Air          6
   e - Ring of Flames                 Charms/Fire                  7
Comestibles
 b - 11 rations


   Skills:
 + Level 6.3 Fighting
 + Level 6.3 Dodging
 - Level 1.0 Stealth
 * Level 10.4 Unarmed Combat


You had 8 spell levels left.
You didn't know any spells.

Dungeon Overview and Level Annotations

Branches:
Dungeon (8/15)             Temple (0/1) D:4
   Lair: D:8-11

Altars:
Fedhas
Gozag
Nemelex Xobeh
Qazlal
Ru
The Shining One

Shops:
D:5 *

Annotations:
D:5 2 transporters
D:8 Gastronok


Innate Abilities, Weirdness & Mutations

You are too large for most types of armour.
You have claws for hands.
Your metabolism is lightning-fast.
You like to eat raw meat.
Your natural rate of healing is unusually fast.
You are covered in fur. (AC +1)
You have very tough skin. (AC +2)
You cannot train Armour skill.


Message History

* * * LOW HITPOINT WARNING * * *
You are more poisoned.
The killer bee poisons you!
You redirect the killer bee's attack!
The killer bee stings the killer bee.
The killer bee is stunned by your will and fails to attack.
The killer bee stings you.
* * * LOW HITPOINT WARNING * * *
Gastronok waves his eye-stalks in wide circles.
The air twists around and strikes you!
* * * LOW HITPOINT WARNING * * *
You completely miss the killer bee.
You kill the killer bee!
You feel sick. The killer bee barely misses you.
The killer bee completely misses you.
You feel sick. The killer bee stings you.
* * * LOW HITPOINT WARNING * * *
You are lethally poisoned!
The killer bee poisons you! The killer bee stings you!
You die...

.... ... # #..#
.... #. #..#
....
#..###..#.....
.# ......#...
... ...... #.#.
#.y# ..... #.@#
w
#.#...##y##....
.........w.w..y.
................
#.....#..##....#
.......... .....
......#.### ....
#..#..#.# ..#
..... #.# ..#


You could see 2 killer bees.

Vanquished Creatures
  The ghost of batai666 the Geomancer, a novice GrEE of Vehumet (D:8)
  An ugly thing (D:8)
  Menkaure (D:7)
  Duvessa (D:4)
  A phantom (D:4)
  An ice beast (D:5)
  2 ogres
  The ghost of tonev the Conjurer, an amateur DrCj (D:3)
  A bullfrog (D:7)
  2 wyvern zombies (Ossuary)
  Dowan (D:3)
  4 scorpions
  7 killer bees
  A centaur zombie (Ossuary)
  2 crimson imps
  4 bullfrog zombies (Ossuary)
  A hound (D:7)
  5 orc priests
  3 orc wizards
  Terence (D:2)
  2 worker ants
  2 killer bee zombies
  13 mummies (Ossuary)
  2 hound zombies
  2 worker ant zombies (Ossuary)
  A howler monkey zombie (D:7)
  7 gnolls
  5 adders
  An ooze (D:4)
  4 adder zombies (Ossuary)
  3 worms
  4 dart slugs
  6 leopard geckos
  19 orcs
  2 ball pythons
  6 bats
  5 giant cockroaches
  10 hobgoblins
  11 jackals
  14 kobolds
  2 quokkas (D:6)
  3 frilled lizards
  15 goblins
  A jackal zombie (Ossuary)
  A leopard gecko zombie (Ossuary)
  A quokka zombie (Ossuary)
  7 rats
  A plant (D:3)
  2 withered plants (Ossuary)
193 creatures vanquished.

Notes
Turn   | Place    | Note
-------+----------+-------------------------------------------
     0 | D:1      | Verr the Troll Monk began the quest for the Orb.
     0 | D:1      | Reached XP level 1. HP: 22/22 MP: 0/0
   191 | D:1      | Reached XP level 2. HP: 29/29 MP: 1/1
   443 | D:1      | Reached XP level 3. HP: 36/36 MP: 2/2
   662 | D:2      | Noticed Terence
   702 | D:2      | Killed Terence
   702 | D:2      | Reached skill level 4 in Unarmed Combat
   796 | D:2      | Reached XP level 4. HP: 44/44 MP: 3/3
  1540 | D:3      | Reached XP level 5. HP: 49/53 MP: 4/4
  1548 | D:3      | Reached skill level 5 in Unarmed Combat
  1674 | D:3      | Noticed tonev's ghost (amateur DrCj)
  1684 | D:3      | Killed tonev's ghost
  1684 | D:3      | Reached XP level 6. HP: 41/61 MP: 5/5
  2236 | D:4      | Found a staircase to the Ecumenical Temple.
  2297 | D:4      | Found a stormy altar of Qazlal.
  2435 | D:4      | Reached skill level 6 in Unarmed Combat
  2435 | D:4      | Reached XP level 7. HP: 39/68 MP: 6/6
  2571 | D:4      | Noticed Duvessa
  2571 | D:4      | Noticed Dowan
  2615 | D:4      | Killed Duvessa
  2625 | D:3      | Killed Dowan
  2990 | D:4      | Reached skill level 7 in Unarmed Combat
  3035 | D:4      | Found a glowing golden altar of the Shining One.
  3035 | D:4      | Found an opulent altar of Gozag.
  3039 | D:4      | Found a sparkling altar of Nemelex Xobeh.
  3338 | D:5      | Entered Level 5 of the Dungeon
  3338 | D:5      | Found Zibicse's General Store.
  3344 | D:5      | Found a sand-covered staircase.
  3355 | Ossuary  | Entered an ossuary
  3387 | Ossuary  | Reached XP level 8. HP: 67/79 MP: 7/7
  3614 | Ossuary  | Reached skill level 8 in Unarmed Combat
  3658 | Ossuary  | Reached skill level 5 in Fighting
  3658 | Ossuary  | Reached skill level 5 in Dodging
  3969 | D:5      | Noticed a two-headed ogre
  4004 | D:5      | Found a blossoming altar of Fedhas.
  4009 | D:5      | Found a transporter.
  4023 | D:5      | Found a transporter.
  4857 | D:6      | Found a sacrificial altar of Ru.
  4860 | D:6      | Became a worshipper of Ru the Awakened
  4878 | D:6      | Gained mutation: You cannot train Armour skill. [Ru sacrifice]
  4878 | D:6      | Reached * piety under Ru
  5150 | D:6      | Reached XP level 9. HP: 50/88 MP: 8/8
  5152 | D:6      | Reached skill level 9 in Unarmed Combat
  5527 | D:7      | Noticed Menkaure
  5655 | D:7      | Killed Menkaure
  5871 | D:8      | Noticed a red ugly thing
  5888 | D:8      | Killed a red ugly thing
  6008 | D:8      | Noticed batai666's ghost (novice GrEE)
  6009 | D:8      | Noticed Gastronok
  6014 | D:8      | Killed batai666's ghost
  6014 | D:8      | Reached skill level 10 in Unarmed Combat
  6026 | D:8      | Slain by a killer bee

Skill      XL: |  1  2  3  4  5  6  7  8  9 |
---------------+----------------------------+-----
Unarmed Combat | 4 5 6 7 8 10 | 10.4
Fighting       | 3 4 5 6 |  6.3
Dodging        | 3 4 5 6 |  6.3
Stealth        | |  1.0

Action                   |  1- 3 |  4- 6 |  7- 9 || total
-------------------------+-------+-------+-------++-------
Melee: Unarmed           |    86 |   230 |   291 ||   607
       Punch             |     1 |     6 |    10 ||    17
Throw: Tomahawk          |       |     1 |       ||     1
Invok: Sacrifice Durabil |       |       |     1 ||     1
Evoke: Wand              |       |       |     2 ||     2
  Use: Scroll            |       |     2 |     6 ||     8
       Potion            |       |     2 |     8 ||    10
 Stab: Sleeping          |     2 |     6 |       ||     8
  Eat: Chunk             |    13 |    15 |    24 ||    52
       Ration            |       |       |     1 ||     1
Armor: Robe              |    19 |    66 |    56 ||   141
Dodge: Dodged            |    36 |   103 |   169 ||   308
